 Dungeon Crawl Stone Soup version 0.18-a0-952-g309898a (webtiles) character file.

235 filipzpl the Magician (level 5, -1/28 HPs)
             Began as a Deep Elf Wizard on Dec 30, 2015.
             Slain by tof's ghost (2 damage)
             ... on level 3 of the Dungeon.
             The game lasted 00:09:12 (2676 turns).

filipzpl the Magician (Deep Elf Wizard)             Turns: 2676, Time: 00:09:12

Health: -1/28      AC:  3    Str:  4    XL:     5   Next: 76%
Magic:  4/14       EV: 12    Int: 24    God:
Gold:   145        SH:  0    Dex: 13    Spells: 5 memorised, 3 levels left

rFire  . . .     SeeInvis .     r - +0 scythe
rCold  . . .     Gourm    .     a - +0 robe
rNeg   . . .     Faith    .     (shield currently unavailable)
rPois  .         Spirit   .     b - +0 hat
rElec  .         Dismiss  .     k - +0 cloak
rCorr  .         Reflect  .     (no gloves)
SustAt .         Harm     .     (no boots)
MR     .....                    (no amulet)
Stlth  ++........               (no ring)
                                (no ring)

@: very slightly contaminated, not resistant to hostile enchantments, unstealthy
A: no striking features
a: no special abilities


You were on level 3 of the Dungeon.
You were not hungry.

You visited 1 branch of the dungeon, and saw 3 of its levels.

You collected 145 gold pieces.

Inventory:

Hand Weapons
 r - a +0 scythe (weapon)
Armour
 a - a +0 robe (worn)
 b - a +0 hat (worn)
 k - a +0 cloak (worn)
Jewellery
 p - an uncursed ring of protection from fire {unknown}
 q - an uncursed ring of protection from cold {unknown}
Wands
 j - a wand of flame (15/48)
Scrolls
 g - 2 scrolls of teleportation
 l - a scroll of enchant weapon {unknown}
 n - 2 scrolls of identify
Potions
 e - 5 potions of curing
 f - 3 potions of might {unknown}
 h - a potion of flight {unknown}
 m - a potion of lignification {unknown}
 s - a potion of degeneration {unknown}
Books
 c - a book of Minor Magic

   Spells                             Type                      Level
   a - Magic Dart                     Conjuration                  1
   b - Blink                          Translocation                2
   c - Call Imp                       Summoning                    2
   d - Repel Missiles                 Charms/Air                   2
   e - Slow                           Hexes                        2
   f - Conjure Flame                  Conjuration/Fire             3
   g - Mephitic Cloud                 Conjuration/Poison/Air       3
Comestibles
 d - 2 bread rations
 i - 3 meat rations
 o - a beef jerky


   Skills:
 - Level 2.4 Dodging
 - Level 2.4 Stealth
 - Level 5.2 Spellcasting
 - Level 2.3 Conjurations
   Level 1.1 Summonings
 - Level 1.1 Translocations
 + Level 3.4 Fire Magic
 + Level 3.3 Air Magic


You had 3 spell levels left.
You knew the following spells:

 Your Spells              Type           Power        Failure   Level  Hunger
a - Magic Dart            Conj           ###.         3%          1    None
b - Blink                 Tloc           N/A          12%         2    None
c - Repel Missiles        Chrm/Air       ##....       10%         2    None
d - Conjure Flame         Conj/Fire      ###.....     10%         3    ##.....
e - Mephitic Cloud        Conj/Pois/Air  ###.....     14%         3    ##.....


Dungeon Overview and Level Annotations

Branches:
Dungeon (3/15)

Altars:
Qazlal
Xom

Annotations:
D:3 tof's ghost, amateur MiHu


Message History

Tof's ghost closely misses you. Tof's ghost hits you.
You hit tof's ghost.
Tof's ghost is moderately damaged.
Tof's ghost hits you! Tof's ghost barely misses you.
You hit tof's ghost but do no damage.
Tof's ghost is moderately damaged.
Tof's ghost screams, "Don't try to defend!
You have no chance!"
Tof's ghost hits you. Tof's ghost barely misses you.
You hit tof's ghost but do no damage.
Tof's ghost is moderately damaged.
Tof's ghost hits you. Tof's ghost hits you!
* * * LOW HITPOINT WARNING * * *
Your magical contamination has completely faded away.
There is a stone staircase leading up here.
Casting: Magic Dart
Confirm with . or Enter, or press ? or * to list all spells.
You miscast Blink.
You are very lightly contaminated with residual magic.
You feel a wrenching sensation. Tof's ghost hits you.
You die...

### #.. #.######
#......#
#.####.###
#........#
########.####.#.#
#........#..#.#.#
##.#@W........#.#
#.#####.#....#.#
#.# #.#..#.#.#
#.# #.#..#.#.#
#.# #.#.##.#.# .
#.# #.#......# ..
#.#
##.####.####...
#.#
..>............
#.#
#######........


You could see tof's ghost.

Vanquished Creatures
  Sigmund (D:2)
  Jessica (D:2)
  A hound skeleton (D:3)
  3 giant geckos
  3 giant cockroaches
  2 goblins (D:1)
  10 hobgoblins
  7 kobolds
  A ball python (D:2)
  10 bats
  2 giant newts
  A quokka (D:1)
  4 rats
46 creatures vanquished.

Notes
Turn   | Place    | Note
--------------------------------------------------------------
     0 | D:1      | filipzpl the Deep Elf Wizard began the quest for the Orb.
     0 | D:1      | Reached XP level 1. HP: 10/10 MP: 7/7
   382 | D:1      | Reached XP level 2. HP: 15/15 MP: 7/9
   574 | D:1      | Reached skill level 5 in Spellcasting
  1173 | D:1      | Reached XP level 3. HP: 19/19 MP: 9/11
  1213 | D:1      | Learned a level 2 spell: Blink
  1216 | D:1      | Learned a level 2 spell: Repel Missiles
  1220 | D:1      | Learned a level 3 spell: Conjure Flame
  1224 | D:1      | Learned a level 3 spell: Mephitic Cloud
  1264 | D:2      | Noticed Sigmund
  1696 | D:2      | Noticed Jessica
  1712 | D:2      | Killed Jessica
  1712 | D:2      | Reached skill level 1 in Fire Magic
  1712 | D:2      | Reached skill level 1 in Air Magic
  1824 | D:2      | Found a faded altar to an unknown god.
  1881 | D:2      | Reached XP level 4. HP: 24/24 MP: 10/13
  1953 | D:2      | Killed Sigmund
  1953 | D:2      | Reached XP level 5. HP: 28/28 MP: 3/14
  2252 | D:2      | Found a stormy altar of Qazlal.
  2254 | D:2      | Found a shimmering altar of Xom.
  2596 | D:3      | Noticed tof's ghost (amateur MiHu)
  2673 | D:3      | HP: 1/28 [tof's ghost (9)]
  2676 | D:3      | Slain by tof's ghost

Vault maps used:
D:1:      dpeg_arrival_lava_altar, serial_bayou_lagoon_a
D:2:      nicolae_overflow_hidden_temple, first_bread, ecumenical_altar_2,
          uniq_jessica, uniq_sigmund

Action                   |  1- 3 |  4- 6 || total
-------------------------+-------+-------++-------
Melee: Unarmed           |     5 |       ||     5
       Scythe            |       |     6 ||     6
 Cast: Magic Dart        |    69 |    40 ||   109
       Conjure Flame     |     2 |     2 ||     4
       Mephitic Cloud    |     2 |     1 ||     3
  Use: Scroll            |     4 |       ||     4
  Eat: Chunk             |     2 |     3 ||     5
